 Dungeon Crawl Stone Soup version 0.31.0-2-g5a2aebc5c2 (webtiles) character file.

Game seed: 6839637756495761647

117891 olmar the Eclecticist (level 16, -12/143 HPs)
             Began as an Oni Fire Elementalist on Jan 20, 2024.
             Was an Initiate of Gozag.
             Mangled by an alligator (24 damage)
             ... on level 2 of the Swamp on Jan 21, 2024.
             The game lasted 01:31:47 (42636 turns).

olmar the Eclecticist (Oni Fire Elementalist)      Turns: 42636, Time: 01:31:48

Health: -12/143    AC:  7    Str: 19    XL:     16   Next: 75%
Magic:  9/40       EV: 10    Int: 29    God:    Gozag
Gold:   3568       SH:  0    Dex:  4    Spells: 28/56 levels left

rFire   + + .        r - +4 quarterstaff of Kismet {flame, rC+ Stlth+}
rCold   + . .        (shield currently unavailable)
rNeg    . . .        n - +1 robe {rC+ rF+}
rPois   +            (helmet restricted)
rElec   +            E - +2 cloak
rCorr   .            (gloves unavailable)
SInv    .            (boots unavailable)
Will    +....        T - amulet "Jegaexe" {RegenMP Regen+}
Stlth   +++          N - ring "Osaczoyt" {rPois Str+6 Dex-5 Stlth+}
HPRegen 1.23/turn    o - ring of the Scavenger {Fire rElec Str-3 Int+7}
MPRegen 0.67/turn

%: no passive effects
@: gold aura
A: large, unfitting armour, horns 1, tough skin 1, double potion healing,
drunken brawling
a: Renounce Religion, Potion Petition, Call Merchant, Bribe Branch


You were on level 2 of the Swamp.
You worshipped Gozag.
Gozag was most pleased with you.
You visited 6 branches of the dungeon, and saw 24 of its levels.
You also visited: Volcano.

You collected 8193 gold pieces.
You spent 2020 gold pieces at shops.
You paid 2605 gold pieces to Gozag.

Inventory:

Hand Weapons
 r - the +4 quarterstaff of Kismet (weapon) {flame, rC+ Stlth+}
   (You found it on level 3 of the Dungeon)

   rC+:       It protects you from cold.
   Stlth+:    It makes you more stealthy.
Missiles
 q - 20 poisoned darts
 L - 3 curare-tipped darts
Armour
 f - a +1 robe of positive energy
 n - a +1 robe of resistance (worn)
 E - a +2 cloak (worn)
Jewellery
 a - a ring of resist corrosion
 o - the ring of the Scavenger (right hand) {Fire rElec Str-3 Int+7}
   (You found it on level 10 of the Dungeon)

   [ring of fire]

   Fire:      It enhances your fire magic.
   Str-3:     It affects your strength (-3).
   Int+7:     It affects your intelligence (+7).
   rF+:       It protects you from fire.
   rC-:       It makes you vulnerable to cold.
   rElec:     It insulates you from electricity.
 y - a ring of protection from fire
 J - a +5 ring of evasion
 N - the ring "Osaczoyt" (left hand) {rPois Str+6 Dex-5 Stlth+}
   (You bought it in a shop on level 5 of the Lair of Beasts)

   [ring of strength]

   Str+6:     It affects your strength (+6).
   Dex-5:     It affects your dexterity (-5).
   rPois:     It protects you from poison Stlth+: It makes you more stealthy.
 R - a ring of protection from cold
 T - the amulet "Jegaexe" (around neck) {RegenMP Regen+}
   (You bought it in a shop on level 5 of the Lair of Beasts)

   [amulet of magic regeneration]

   RegenMP:   It increases your rate of magic regeneration.
   Regen+:    It increases your rate of health regeneration.
Wands
 d - a wand of light (1)
 x - a wand of flame (37)
 C - a wand of polymorph (1)
 G - a wand of digging (17)
 P - a wand of paralysis (8)
Scrolls
 c - 5 scrolls of poison
 e - 3 scrolls of vulnerability
 i - 4 scrolls of noise
 j - 2 scrolls of enchant weapon
 k - 6 scrolls of revelation
 l - 2 scrolls of torment
 m - 3 scrolls of amnesia
 t - 4 scrolls of fear
 u - 4 scrolls of silence
 w - 2 scrolls of butterflies
 D - 2 scrolls of fog
 F - 2 scrolls of enchant armour
 M - 4 scrolls of teleportation
 O - 2 scrolls of blinking
 S - 5 scrolls of identify
Potions
 b - a potion of curing
 g - a potion of resistance
 h - 2 potions of lignification
 p - a potion of cancellation
 v - 5 potions of haste
 z - 3 potions of attraction
 A - 2 potions of mutation
 H - 2 potions of brilliance
 I - 2 potions of enlightenment
 K - a potion of might
 Q - 2 potions of berserk rage
Miscellaneous
 s - a phial of floods
 U - a box of beasts


   Skills:
 + Level 5.4 Fighting
 - Level 0.1 Short Blades
 + Level 5.3 Dodging
 - Level 1.4 Stealth
 + Level 20.6 Spellcasting
 + Level 9.9 Conjurations
 + Level 4.1 Hexes
 - Level 1.1 Summonings
 + Level 16.7 Fire Magic
 + Level 3.2 Alchemy


You had 28 spell levels left.
You knew the following spells:

 Your Spells              Type           Power      Damage    Failure   Level
a - Foxfire               Conj/Fire      100%       2x1d9     0%          1
b - Scorch                Fire           100%       2d9       0%          2
c - Flame Wave            Conj/Fire      100%       2d21      1%          4
d - Inner Flame           Hex/Fire       94%        N/A       1%          3
e - Call Imp              Summ           72%        N/A       1%          2
f - Sticky Flame          Fire/Alch      93%        2d14      1%          4
g - Ignite Poison         Fire/Alch      93%        N/A       1%          4
h - Ignition              Fire           56%        3d15      9%          8

Your spell library contained the following spells:

 Spells                   Type           Power      Damage    Failure   Level
 Apportation              Tloc           58%        N/A       1%          1
 Magic Dart               Conj           100%       1d8       1%          1
 Shock                    Conj/Air       100%       1d9       1%          1
 Cigotuvi's Dreadful Rot  Necr/Alch/Air  72%        N/A       1%          2
 Ensorcelled Hibernation  Hex/Ice        82%        N/A       1%          2
 Jinxbite                 Hex            100%       N/A       1%          2
 Searing Ray              Conj           100%       2d8       1%          2
 Sublimation of Blood     Necr           29%        N/A       1%          2
 Hailstorm                Conj/Ice       56%        3d11      1%          3
 Volatile Blastmotes      Fire/Tloc      100%       2d18      1%          3
 Fulminant Prism          Conj/Alch      30%        3d16      1%          4
 Iskenderun's Mystic Bla  Conj/Tloc      56%        2d12      1%          4
 Iskenderun's Battlesphe  Conj           72%        2d12      1%          5
 Irradiate                Conj/Alch      30%        3d21      2%          5
 Fugue of the Fallen      Necr           29%        N/A       3%          3
 Gell's Gravitas          Tloc           29%        N/A       3%          3
 Summon Ice Beast         Ice/Summ       33%        N/A       3%          3
 Swiftness                Air            29%        N/A       3%          3
 Teleport Other           Tloc           29%        N/A       3%          3
 Arcjolt                  Conj/Air       28%        1d38      4%          5
 Anguish                  Hex/Necr       20%        N/A       5%          4
 Petrify                  Alch/Erth      39%        N/A       6%          4
 Animate Armour           Summ/Erth      66%        N/A       10%         4
 Martyr's Knell           Necr/Summ      33%        N/A       10%         4
 Summon Lightning Spire   Summ/Air       33%        N/A       10%         4
 Alistair's Intoxication  Alch           32%        N/A       10%         5
 Airstrike                Air            14%        2d(3-19)  12%         4
 Dispel Undead            Necr           29%        3d13      12%         4
 Vhi's Electric Charge    Tloc/Air       58%        N/A       12%         4
 Bombard                  Conj/Erth      28%        9d5       26%         6
 Lee's Rapid Deconstruct  Erth           14%        3d9*      34%         5
 Sculpt Simulacrum        Ice/Alch       19%        N/A       69%         6
 Spellforged Servitor     Conj/Summ      29%        N/A       73%         7
 Summon Cactus Giant      Summ           18%        N/A       77%         6
 Death Channel            Necr           14%        N/A       88%         6
 Dispersal                Tloc           14%        N/A       88%         6
 Summon Hydra             Summ           18%        N/A       100%        7
 Maxwell's Capacitive Co  Air            14%        ∞         100%        8
 Summon Horrible Things   Summ           18%        N/A       100%        8


Dungeon Overview and Level Annotations

Branches:
Dungeon (13/15)            Temple (1/1) D:6            Lair (5/5) D:8
  Swamp (2/4) Lair:3        Snake (0/4) Lair:2        Slime (0/5) Lair:5
    Orc (2/2) D:10            Elf (1/3) Orc:2        Vaults (0/5) D:13
Volcano (visited)

Altars:
Ashenzari
Cheibriados
Dithmenos
Elyvilon
Fedhas
Gozag
Hepliaklqana
Kikubaaqudgha
Makhleb
Nemelex Xobeh
Okawaru
Qazlal
Ru
Sif Muna
Trog
Uskayaw
Vehumet
Wu Jian
Xom
Yredelemnul
Zin
The Shining One

Shops:
D:1 =   D:8 ***   D:10 [(   D:12 [   Orc:2 :?(*   Lair:5 =

Portals:
Pandemonium: Orc:2

Annotations:
D:7 1 runed translucent door, Crazy Yiuf
D:9 3 runed translucent doors
Lair:3 2 transporters, sasquatch's ghost, journeyman MfAl
Swamp:2 3 runed translucent doors, Gokhumny's ghost, adept GnFi


Innate Abilities, Weirdness & Mutations

You are too large for most types of armour.
You have a pair of small horns on your head.
You have tough skin. (AC +1)
You gain doubled healing and magic from potions.
Whenever you drink a healing potion, you attack all around you.


Message History

Confirm with . or Enter, or press ? or * to list all spells.
You don't know that spell.
Unknown command.
Unknown command.
Casting: Flame Wave (safe; 1% risk of failure)
Confirm with . or Enter, or press ? or * to list all spells.
You don't know that spell.
Casting: Flame Wave (safe; 1% risk of failure)
Confirm with . or Enter, or press ? or * to list all spells.
Okay, then.
Casting: Flame Wave (safe; 1% risk of failure)
Confirm with . or Enter, or press ? or * to list all spells.
Casting: Ignition (dangerous; 9% risk of failure)
Press: ? - help, Dir - look around, f - activate You feel a surge of power!
The air bursts into flame!
The fireball engulfs the alligator!!
You kill the alligator!
The fireball engulfs the alligator.
The alligator is lightly wounded.
The fireball engulfs the alligator!!
The alligator is heavily wounded.
The grasping roots constrict the alligator!
The roots release their grip on the alligator.
The alligator tail-slaps you.
* * * LOW HITPOINT WARNING * * *
The alligator barely misses you.
Unknown command.
Unknown command.
Casting: Ignition (dangerous; 9% risk of failure)
Confirm with . or Enter, or press ? or * to list all spells.
Casting: Ignition (dangerous; 9% risk of failure)
Press: ? - help, Dir - look around, f - activate You feel a surge of power!
The air bursts into flame!
The fireball engulfs the alligator!!
The alligator is almost dead.
The alligator tail-slaps you!
* * * LOW HITPOINT WARNING * * *
The alligator bites you!!
You die...
Your body crumbles into a pile of gold.

♣♣ .. ♣. ♣~~.~♣~.♣ . ♣.
♣..[...~. .♣♣♣♣.♣
♣...~~~$.
♣.♣.♣♣.♣♣♣.§..?...
♣..♣§..§§~.~..~~..
♣####♣♣~♣♣~~§§§#§..~.~.~
~.~.~~~~~§~~§§§..l.....~
.♣♣♣♣♣♣♣♣♣~~.~.§@§..~...
~♣ ♣♣§☼.....§§~..~♣ .♣
♣...$.~..~..♣~♣♣ .♣♣
♣~~~$.○..~.~..♣ ~.♣
♣.~..~♣♣♣~~~...♣ ##♣
~.<~♣♣..~ ...~♣..♣ Z ..♣
♣... ....♣§..♣ $ ♣
♣.....~..~♣.♣♣ # ♣....
~♣.


You could see an alligator.

Vanquished Creatures
  Rupert (Lair:3)
  A tentacled monstrosity (Swamp:2)
  Frances (Swamp:2)
  A thorn hunter (Swamp:2)
  Kirke (Lair:3)
  A fenstrider witch (Swamp:2)
  2 eleionomae
  A bunyip (Swamp:1)
  2 dire elephants (Lair:5)
  A fire dragon (D:13)
  A shambling mangrove (Swamp:1)
  10 hydras
  A ghost crab (Swamp:2)
  3 demonspawn (Orc:2)
  4 centaur warriors
  A vault guard (D:13)
  6 alligators
  3 boulder beetles
  A catoblepas (Lair:5)
  2 two-headed ogres
  A dancing weapon (Orc:2)
  3 death yaks (Lair:5)
  2 tengu warriors
  6 orc high priests (Orc:2)
  Sonja (D:11)
  Amaemon (Lair:3)
  A skyshark (Lair:2)
  Lodul (D:12)
  4 swamp dragons
  A glowing orange brain (D:13)
  2 goliath frogs
  3 bog bodies
  2 spriggan druids (Swamp:2)
  An arcanist (D:10)
  Pikel (D:7)
  3 lindwurms
  6 orc sorcerers (Orc:2)
  5 orc knights (Orc:2)
  12 deep elf pyromancers
  4 deep elf zephyrmancers
  Maurice (D:7)
  4 cyclopes
  4 manticores
  2 elephants (Lair:5)
  4 will-o-the-wisps
  6 torpor snails
  7 black mambas
  5 large abominations (D:10)
  2 orange demons
  A gargoyle (D:13)
  12 cane toads
  2 unseen horrors
  8 komodo dragons
  2 rime drakes
  A polar bear (Lair:3)
  A hellwing (Orc:2)
  3 trolls
  15 tyrant leeches
  13 hornets
  23 blink frogs
  2 dream sheep (Lair:5)
  8 slime creatures
  4 spriggans (Swamp:2)
  A shadow (D:10)
  A vampire (D:10)
  7 wyverns
  67 yaks
  4 hogs (Lair:3)
  4 basilisks
  A human (Lair:3)
  A warg (D:10)
  9 vampire mosquitoes
  A neqoxec (Orc:2)
  Menkaure (D:7)
  4 steam dragons
  3 nagas (Lair:2)
  9 swamp worms
  5 acid dragons
  14 water moccasins
  2 swamp drakes (Swamp:1)
  28 orc warriors
  An ice beast (D:7)
  3 black bears
  10 ogres
  9 centaurs
  4 wolves (Lair:2)
  A lemure (D:7)
  2 kobold brigands
  11 bullfrogs
  2 gnoll sergeants
  7 small abominations (D:10)
  13 wights
  10 killer bees
  An electric eel (D:7)
  A bombardier beetle (D:6)
  4 howler monkeys (D:9)
  4 jellies
  2 hounds
  A gnoll bouda (D:7)
  25 orc priests
  A sleepcap (D:5)
  5 iguanas
  10 orc wizards
  14 gnolls
  6 adders
  3 shadow imps
  3 white imps
  6 ufetubi
  A dart slug (D:5)
  62 orcs
  5 ball pythons
  5 bats
  6 endoplasms
  3 giant cockroaches (D:2)
  7 goblins
  9 hobgoblins
  2 jackals (D:1)
  4 quokkas
  2 frilled lizards
  16 kobolds
  7 rats
  A butterfly (Lair:3)
685 creatures vanquished.

Vanquished Creatures (collateral kills)
  A red devil (Orc:2)
  26 foxfires
27 creatures vanquished.

Vanquished Creatures (others)
  An earth elemental (Volcano)
  An orc priest (Orc:2)
  An orc wizard (D:5)
  2177 foxfires
2180 creatures vanquished.

Grand Total: 2892 creatures vanquished

Notes
Turn   | Place    | Note
-------+----------+-------------------------------------------
     0 | D:1      | olmar the Oni Fire Elementalist began the quest for the
                  | Orb.
     0 | D:1      | Reached XP level 1. HP: 16/16 MP: 3/3
   122 | D:1      | You fall into a shaft and drop 1 floor!
   201 | D:2      | Reached skill level 1 in Conjurations
   297 | D:2      | Reached XP level 2. HP: 24/24 MP: 3/5
   436 | D:2      | Learned a level 2 spell: Scorch
   710 | D:2      | Reached XP level 3. HP: 31/31 MP: 4/7
  1121 | D:1      | Reached skill level 3 in Spellcasting
  1198 | D:1      | Found a faded altar of an unknown god.
  1418 | D:1      | Found Etsuonics's Jewellery Shoppe.
  2325 | D:3      | Reached XP level 4. HP: 39/39 MP: 2/9
  2817 | D:3      | Identified the +4 quarterstaff of Kismet {flame, rC+
                  | Stlth+}
  3222 | D:4      | Reached XP level 5. HP: 45/45 MP: 7/10
  3322 | D:4      | Reached skill level 4 in Spellcasting
  3955 | D:4      | Noticed a black bear
  3962 | D:4      | Killed a black bear
  3963 | D:4      | Reached XP level 6. HP: 54/54 MP: 5/13
  4235 | D:5      | Entered Level 5 of the Dungeon
  4244 | D:5      | Reached skill level 1 in Fighting
  4244 | D:5      | Reached skill level 5 in Spellcasting
  4362 | D:5      | Identified the +4 ring mail "Jent" {^Drain rC++ rN+++
                  | rCorr}
  4725 | D:5      | Reached XP level 7. HP: 62/62 MP: 5/15
  4727 | D:5      | Reached skill level 5 in Fire Magic
  4986 | D:6      | Reached skill level 6 in Spellcasting
  5355 | D:6      | Found a staircase to the Ecumenical Temple.
  5390 | D:6      | Found a bloodstained altar of Trog.
  5752 | D:6      | Reached XP level 8. HP: 42/72 MP: 4/18
  6027 | Temple   | Entered the Ecumenical Temple
  6105 | Temple   | Became a worshipper of Gozag Ym Sagoz the Greedy
  6646 | D:7      | Noticed Maurice
  6752 | D:6      | Learned a level 4 spell: Flame Wave
  6968 | D:7      | Reached skill level 7 in Spellcasting
  7119 | D:7      | Killed Maurice
  7341 | D:7      | Reached skill level 8 in Spellcasting
  7364 | D:7      | Found an iron altar of Okawaru.
  7400 | D:7      | Noticed a hornet
  7403 | D:7      | Reached XP level 9. HP: 52/79 MP: 7/21
  7727 | D:7      | Reached skill level 9 in Spellcasting
  7971 | D:7      | Noticed Menkaure
  7976 | D:7      | Killed Menkaure
  7982 | D:7      | Noticed Pikel
  7989 | D:7      | Killed Pikel
  8077 | D:7      | Learned a level 3 spell: Inner Flame
  8098 | D:7      | Noticed a hornet
  8107 | D:7      | Killed a hornet
  8265 | D:7      | Killed a hornet
  8266 | D:7      | Reached skill level 10 in Spellcasting
  8330 | D:7      | Reached XP level 10. HP: 87/87 MP: 11/24
  8471 | D:7      | Found a runed translucent door.
  8472 | D:7      | Noticed Crazy Yiuf
  9454 | D:8      | Found a glowing golden altar of the Shining One.
  9483 | D:8      | Found Kuarom's CLEARANCE SALE!.
  9495 | D:8      | Bought a +2 cloak for 82 gold pieces
  9541 | D:8      | Found Liesan's General Store.
  9549 | D:8      | Bought 3 scrolls of poison for 156 gold pieces
  9608 | D:8      | Reached skill level 5 in Conjurations
  9803 | D:8      | Reached skill level 11 in Spellcasting
 10048 | D:8      | Found a staircase to the Lair.
 10378 | D:8      | Found an ancient bone altar of Kikubaaqudgha.
 10378 | D:8      | Found a hide-covered altar of Uskayaw.
 10687 | D:9      | Reached XP level 11. HP: 94/94 MP: 10/26
 10688 | D:9      | Reached skill level 12 in Spellcasting
 11438 | D:9      | Found a runed translucent gate.
 11439 | D:9      | Found a runed translucent gate.
 11439 | D:9      | Noticed a green ugly thing
 11440 | D:9      | Found a runed translucent gate.
 11440 | D:9      | Noticed a shining eye
 11440 | D:9      | Noticed a red ugly thing
 11440 | D:9      | a shining eye changed into a deep troll
 11440 | D:9      | Noticed a deep troll (glowing shapeshifter)
 11441 | D:9      | Noticed a cyan ugly thing
 11443 | D:9      | Noticed a red ugly thing
 11443 | D:9      | Noticed a green ugly thing
 11443 | D:9      | Noticed a cyan ugly thing
 11728 | D:9      | Noticed a shock serpent
 11732 | D:9      | a shock serpent changed into a steelbarb worm
 11732 | D:9      | Noticed a steelbarb worm (glowing shapeshifter)
 11738 | D:9      | a steelbarb worm changed into a glowing orange brain
 11738 | D:9      | Noticed a glowing orange brain (glowing shapeshifter)
 11775 | D:9      | Noticed a satyr
 11775 | D:9      | a satyr changed into an orb spider
 11775 | D:9      | Noticed an orb spider (glowing shapeshifter)
 11777 | D:9      | an orb spider changed into a wind drake
 11784 | D:9      | a wind drake changed into a mana viper
 11784 | D:9      | Noticed a mana viper (glowing shapeshifter)
 11810 | D:10     | Entered Level 10 of the Dungeon
 12227 | D:10     | Noticed a two-headed ogre
 12235 | D:10     | Killed a two-headed ogre
 12236 | D:10     | Reached skill level 10 in Fire Magic
 12612 | D:9      | Noticed an orb spider
 12615 | D:9      | an orb spider changed into a black mamba
 12692 | D:10     | Noticed an arcanist
 12696 | D:10     | Killed an arcanist
 12697 | D:10     | Reached skill level 1 in Hexes
 12744 | D:10     | Noticed a large abomination
 12744 | D:10     | Noticed a large abomination
 12744 | D:10     | Noticed a large abomination
 12750 | D:10     | Reached skill level 13 in Spellcasting
 13984 | D:10     | Found Viokurul's Armour Emporium.
 13984 | D:10     | Found a staircase to the Orcish Mines.
 13987 | D:10     | Found Ankots's Weapon Emporium.
 14448 | D:10     | Noticed a large abomination
 14460 | D:10     | Killed a large abomination
 14510 | D:10     | Killed a large abomination
 14787 | Lair:1   | Entered Level 1 of the Lair of Beasts
 14797 | Lair:1   | Reached XP level 12. HP: 85/105 MP: 22/29
 15346 | Lair:1   | Reached skill level 14 in Spellcasting
 16884 | Lair:2   | Noticed a skyshark
 16891 | Lair:2   | Killed a skyshark
 17419 | Lair:2   | Reached skill level 15 in Spellcasting
 18005 | Lair:2   | Found a staircase to the Snake Pit.
 18907 | Lair:3   | Noticed Rupert
 18937 | Lair:3   | Learned a level 2 spell: Call Imp
 18993 | Lair:3   | Noticed Amaemon
 19002 | Lair:3   | Killed Amaemon
 19003 | Lair:3   | Reached XP level 13. HP: 42/114 MP: 12/32
 19025 | Lair:3   | Found a dark tunnel.
 19034 | Volcano  | Entered a volcano
 19479 | D:8      | Bought a runed robe for 99 gold pieces
 19479 | D:8      | Bought a potion of curing for 81 gold pieces
 19498 | D:8      | Bought a tubular pearl ring for 135 gold pieces
 19741 | D:10     | Identified the ring of the Scavenger {Fire rElec Str-3
                  | Int+7}
 20847 | D:11     | Reached skill level 16 in Spellcasting
 21343 | D:11     | Noticed Sonja
 21346 | D:11     | Killed Sonja
 21442 | D:12     | Found a broken altar of Ashenzari.
 21792 | D:12     | Noticed Lodul
 21802 | D:12     | Killed Lodul
 23073 | Orc:1    | Entered Level 1 of the Orcish Mines
 23872 | Orc:2    | Entered Level 2 of the Orcish Mines
 25290 | D:13     | Reached skill level 17 in Spellcasting
 25290 | D:13     | Reached XP level 14. HP: 124/124 MP: 13/35
 25864 | D:13     | Learned a level 4 spell: Sticky Flame
 25869 | D:13     | Learned a level 4 spell: Ignite Poison
 26670 | D:13     | Found a gate to the Vaults.
 28141 | Lair:3   | Killed Rupert
 28342 | Lair:3   | Noticed Kirke
 28354 | Lair:3   | Noticed a sphinx
 28354 | Lair:3   | Killed Kirke
 29007 | Lair:3   | Found a staircase to the Swamp.
 29360 | Lair:3   | Noticed sasquatch's ghost (journeyman MfAl)
 29368 | Lair:3   | Found a transporter.
 29378 | Lair:3   | You fall into a shaft and drop 1 floor!
 29451 | Lair:4   | Got Sif Muna's Quarto of Production
 29471 | Lair:4   | Reached skill level 1 in Summonings
 29848 | Lair:3   | Found a transporter.
 30073 | Lair:3   | Reached skill level 18 in Spellcasting
 30765 | Lair:4   | Reached skill level 1 in Alchemy
 31604 | Lair:5   | Entered Level 5 of the Lair of Beasts
 32097 | Lair:5   | Reached XP level 15. HP: 131/131 MP: 28/37
 33054 | Lair:5   | Found a staircase to the Slime Pits.
 33305 | Lair:5   | Paralysed by a hornet for 1 turns
 33311 | Lair:5   | Paralysed by a hornet for 1 turns
 34017 | Lair:5   | Paralysed by a hornet for 3 turns
 34349 | Lair:5   | Reached skill level 15 in Fire Magic
 34844 | Lair:5   | Bought the amulet "Jegaexe" {RegenMP Regen+} for 518 gold
                  | pieces
 35351 | Lair:5   | Reached skill level 5 in Dodging
 35584 | Lair:5   | Learned a level 8 spell: Ignition
 35994 | Orc:2    | Found a staircase to the Elven Halls.
 36334 | Orc:2    | Reached skill level 19 in Spellcasting
 37315 | Orc:2    | Found Umexu's Magic Scroll Emporium.
 37319 | Orc:2    | Found Popahuv's General Store.
 37371 | Orc:2    | Bought a scroll of identify for 24 gold pieces
 37371 | Orc:2    | Bought a scroll of identify for 24 gold pieces
 37371 | Orc:2    | Bought a scroll of teleportation for 36 gold pieces
 37371 | Orc:2    | Bought a scroll of teleportation for 36 gold pieces
 37371 | Orc:2    | Bought a scroll of revelation for 90 gold pieces
 37371 | Orc:2    | Bought a scroll of fear for 48 gold pieces
 37371 | Orc:2    | Bought a scroll of fear for 48 gold pieces
 37497 | Orc:2    | Bought a scroll of identify for 36 gold pieces
 37497 | Orc:2    | Bought a scroll of teleportation for 54 gold pieces
 39360 | Orc:2    | Found Ohacyis's Antique Weapon Shop.
 39360 | Orc:2    | Found Litu's Book Boutique.
 39361 | Orc:2    | Found a one-way gate leading to the halls of Pandemonium.
 39485 | Elf:1    | Entered Level 1 of the Elven Halls
 39498 | Orc:2    | Reached skill level 5 in Fighting
 39498 | Orc:2    | Reached XP level 16. HP: 34/141 MP: 23/39
 39875 | Swamp:1  | Entered Level 1 of the Swamp
 40167 | Swamp:1  | Reached skill level 20 in Spellcasting
 41393 | Swamp:2  | Noticed a fenstrider witch
 41399 | Swamp:2  | Killed a fenstrider witch
 41591 | Lair:5   | Bought the ring "Osaczoyt" {rPois Str+6 Dex-5 Stlth+} for
                  | 553 gold pieces
 41704 | Swamp:2  | Noticed Frances
 41718 | Swamp:2  | Killed Frances
 41819 | Swamp:2  | Noticed a thorn hunter
 41825 | Swamp:2  | Killed a thorn hunter
 42053 | Swamp:2  | Noticed a tentacled monstrosity
 42070 | Swamp:2  | Killed a tentacled monstrosity
 42583 | Swamp:2  | Found a runed translucent gate.
 42583 | Swamp:2  | Found a runed translucent gate.
 42584 | Swamp:2  | Found a runed translucent gate.
 42589 | Swamp:2  | Noticed Gokhumny's ghost (adept GnFi)
 42636 | Swamp:2  | Mangled by an alligator

Illustrated notes

Levels and vault maps discovered:
D:1:      dpeg_arrival_rhombi, layout_loops_cross, serial_shops,
          nicolae_shop_window_shopping, hellmonk_ecumenical_altar_run_dry,
          nicolae_the_louvre
D:2:      layout_loops_ring, serial_co_window_serial, co_window_corner_a,
          co_window_cross_1, co_window_paths_a, co_window_paths_a,
          co_window_paths_a, co_window_paths_a, co_window_paths_a,
          co_window_corner_a, co_window_cross_1, co_window_of_opportunity_c,
          co_window_2corner, co_window_broadway_b, co_window_cross_2,
          co_window_broadway_a, kennysheep_nub
D:3:      layout_loops_ring, nrook_uturn, dk_vineyard_2
D:4:      layout_basic
D:5:      dreamdust_elfheim, layout_gridville
D:6:      layout_loops_ring, kennysheep_mini, minmay_temple_entry_offerings
D:7:      layout_loops_ring, mainiacjoe_overflow_tiny_flanked,
          nicolae_lava_and_water, minmay_quadrilaterals, uniq_pikel,
          uniq_maurice, uniq_crazy_yiuf_cottage, uniq_menkaure
D:8:      layout_cave_pools, gammafunk_temple_overflow_forgotten,
          minmay_lair_entry_grove, serial_shops,
          nicolae_shop_tiny_statue_garden, nicolae_shop_clearance
D:9:      layout_cross, ploomutoo_gammafunk_ghost_potion_laboratory
D:10:     layout_loops_ring, orc_david_3, laboratory
D:11:     layout_loops_corners, uniq_sonja
D:12:     layout_irregular_city, evilmike_ruin_ashenzari, uniq_lodul
D:13:     layout_loops_ring, hellmonk_vaults_order_and_chaos,
          nicolae_figureground_pulse
Temple:   minmay_temple_bridge_d
Lair:1:   layout_gridlike, patterned_corridor
Lair:2:   layout_chaotic_city, minmay_snake_entry_guardpost_small,
          chequers_serial_rivers_small_3
Lair:3:   layout_regular_city, minmay_swamp_entry_worms, gammafunk_ghost_arena,
          nicolae_volcano_entry_vermiform, grunt_forest_small_clearing_treed,
          lemuel_fruit_fields, uniq_amaemon, uniq_rupert, uniq_kirke
Lair:4:   layout_roguey, grunt_megastairs_5
Lair:5:   hangedman_lair_in_review, layout_gridlike, wormcave, slime_entry_1,
          serial_bayou_shore_b
Swamp:1:  layout_falls_marsh, serial_swamp_ruin, evilmike_swamp_ruin_wall,
          evilmike_swamp_ruin_house_1
Swamp:2:  nzn_winding_woodlands_three_and_one
          [nzn_winding_woodlands_5x15_jagged,
          nzn_winding_woodlands_5x15_river_crossing,
          nzn_winding_woodlands_5x15_zeroes,
          nzn_winding_woodlands_center_diamonds], layout_falls_marsh,
          gammafunk_ghost_necromancy, evilmike_swamp_ruin_rubble_1, uniq_frances
Orc:1:    layout_caves, einodemon_barbed_minivault, uniq_erica
Orc:2:    pf_orc_diabolical, layout_caves, elves_outpost_lemuel
Elf:1:    eino_elf_arrival_shootout, layout_loops_corners, serial_shops,
          nicolae_lakefront_shop, minmay_elf_demonology, hangedman_glass_teeth,
          st_stairs_7

Skill      XL: |  1  2  3  4  5  6  7  8  9 10 11 12 13 14 15 16 |
---------------+-------------------------------------------------+-----
Conjurations   | 1 2 3 4 5 6 7 8 9 |  9.9
Fire Magic     | 3 4 5 7 8 9 11 12 13 14 15 16 | 16.7
Spellcasting   | 3 4 5 6 8 10 11 13 15 17 18 19 20 | 20.6
Dodging        | 2 3 4 5 |  5.3
Fighting       | 1 2 3 4 5 |  5.4
Hexes          | 1 2 3 4 |  4.1
Summonings     | 1 |  1.1
Alchemy        | 1 2 3 |  3.2
Short Blades   | |  0.1
Stealth        | |  1.4

Action                     |  1- 3 |  4- 6 |  7- 9 | 10-12 | 13-15 | 16-18 || total
---------------------------+-------+-------+-------+-------+-------+-------++-------
  Melee: Unarmed           |     7 |       |       |       |       |       ||     7
         Short sword       |    10 |    13 |       |       |       |       ||    23
         Headbutt          |     1 |     6 |       |    10 |    29 |     7 ||    53
         Quarterstaff      |       |    27 |    20 |    64 |   100 |    25 ||   236
  Throw: Dart              |       |       |       |       |     1 |       ||     1
   Cast: Foxfire           |    30 |    33 |   121 |   407 |   630 |    89 ||  1310
         Scorch            |    13 |    33 |    48 |   110 |   226 |    68 ||   498
         Flame Wave        |       |       |     1 |    17 |    58 |     8 ||    84
         Inner Flame       |       |       |       |    15 |   102 |    10 ||   127
         Call Imp          |       |       |       |     2 |    20 |     1 ||    23
         Sticky Flame      |       |       |       |       |    38 |    28 ||    66
         Ignition          |       |       |       |       |     1 |    21 ||    22
         Ignite Poison     |       |       |       |       |       |     1 ||     1
 Invoke: Potion Petition   |       |       |       |     1 |       |     1 ||     2
         Call Merchant     |       |       |       |       |     3 |       ||     3
  Evoke: Wand              |       |       |    11 |    26 |    42 |     2 ||    81
         Phial of floods   |       |       |       |       |     2 |       ||     2
         Box of beasts     |       |       |       |       |     1 |       ||     1
    Use: Scroll            |     2 |     1 |     7 |    15 |     8 |     1 ||    34
         Potion            |       |     1 |     2 |    10 |     5 |     1 ||    19
   Stab: Sleeping          |       |     3 |     1 |       |       |       ||     4
         Distracted        |       |       |       |       |     2 |       ||     2
         Paralysed         |       |       |       |       |     2 |       ||     2
 Armour: Robe              |    23 |    34 |    54 |   203 |   354 |   120 ||   788
  Dodge: Dodged            |    14 |    20 |    35 |    90 |   219 |    53 ||   431
